 Dungeon Crawl Stone Soup version 0.18-a0-952-g309898a (webtiles) character file.

44 M4edhros the Charlatan (level 3, 0/23 HPs)
             Began as an Octopode Artificer on Dec 31, 2015.
             Slain by a worker ant (2 damage)
             ... on level 4 of the Dungeon.
             The game lasted 00:01:04 (753 turns).

M4edhros the Charlatan (Octopode Artificer)          Turns: 753, Time: 00:01:05

Health: 0/23       AC:  1    Str: 10    XL:     3   Next: 60%
Magic:  5/5        EV: 10    Int: 15    God:
Gold:   38         SH:  0    Dex: 12    Spells: 0 memorised, 2 levels left

rFire  . . .     SeeInvis .     a - +0 short sword
rCold  . . .     Gourm    .     (no shield)
rNeg   . . .     Faith    .     (helmet restricted)
rPois  .         Spirit   .     (no amulet)
rElec  .         Dismiss  .     k - -3 ring of evasion (curse)
rCorr  .         Reflect  .     (no ring)
SustAt .         Harm     .     (no ring)
MR     .....                    (no ring)
Stlth  +++.......               (no ring)
                                (no ring)
                                (no ring)
                                (no ring)

@: lethally poisoned (0 -> -15), not resistant to hostile enchantments, fairly
stealthy
A: almost no armour, amphibious, 8 rings, constrict 8, camouflage 1, gelatinous
body 1
a: no special abilities


You were on level 4 of the Dungeon.
You were not hungry.

You visited 1 branch of the dungeon, and saw 4 of its levels.

You collected 38 gold pieces.

Inventory:

Hand Weapons
 a - a +0 short sword (weapon)
 h - a +0 hunting sling
Jewellery
 k - a cursed -3 ring of evasion (left tentacle)
Wands
 b - a wand of flame (9/48)
 c - a wand of enslavement (15/24)
 d - a wand of random effects (13/48)
Scrolls
 l - a scroll of recharging {unknown}
Potions
 e - a potion of might {unknown}
 i - a potion of agility {unknown}
 j - a potion of magic {unknown}
Comestibles
 f - a bread ration
 g - 4 fruits


   Skills:
 - Level 1.0 Fighting
 - Level 1.0 Short Blades
 * Level 3.0 Dodging
 * Level 2.9 Stealth
 + Level 3.6 Evocations


You had 2 spell levels left.
You didn't know any spells.

Dungeon Overview and Level Annotations

Branches:
Dungeon (4/15)
 Temple: D:4-7

Altars:
Sif Muna


Innate Abilities, Weirdness & Mutations

You cannot wear most types of armour.
You are amphibious.
You can wear up to eight rings at the same time.
You can use your tentacles to constrict eight enemies at once.
Your skin changes colour to match your surroundings (Stealth).
Your rubbery body absorbs attacks (AC +1).


Message History

You constrict the worker ant, but do no damage.
The worker ant bites you.
You are poisoned.
The worker ant poisons you! The worker ant barely misses you.
You hit the worker ant. You squeeze the worker ant.
The worker ant is moderately wounded.
You constrict the worker ant.
You feel sick. The worker ant bites you.
You are lethally poisoned!
The worker ant poisons you!
You hit the worker ant.
The worker ant is heavily wounded.
You constrict the worker ant.
You feel sick. The worker ant bites you.
You hit the worker ant but do no damage.
The worker ant is heavily wounded.
You constrict the worker ant.
* * * LOW HITPOINT WARNING * * *
You feel sick. The worker ant bites you.
* * * LOW HITPOINT WARNING * * *
The worker ant bites you.
You die...

######.#.....#
#.#####.# .## #.# #>#
..# #####.# #.. ..
#.....# #.# ..
#.##### #.# .# #.#
#.# .#
#.#########.##a#
#...........รท@.#
###########..........
#.#..####.. #.#.....
......... #.....####
#....%. ......##


You could see a worker ant.

Vanquished Creatures
  3 adders
  An ooze (D:1)
  5 bats
  A giant cockroach (D:3)
  2 hobgoblins (D:1)
  A goblin (D:3)
13 creatures vanquished.

Notes
Turn   | Place    | Note
--------------------------------------------------------------
     0 | D:1      | M4edhros the Octopode Artificer began the quest for the Orb.
     0 | D:1      | Reached XP level 1. HP: 13/13 MP: 3/3
    95 | D:1      | Reached XP level 2. HP: 9/18 MP: 4/4
   238 | D:2      | Found a deep blue altar of Sif Muna.
   315 | D:3      | Reached XP level 3. HP: 16/23 MP: 5/5
   753 | D:4      | Slain by a worker ant

Vault maps used:
D:1:      roderic_crossed_star, serial_glass, glass_columns_b, glass_columns_a,
          glass_columns_c, glass_columns_b, glass_columns_b, dk_noncrumbling_4
D:2:      st_stairs_12, lemuel_blue_sif_altar
D:3:      first_bread, uniq_robin
D:4:      lemuel_coloured_pillars_altar, bloody_trog, uniq_crazy_yiuf_cottage

Action                   || total
-------------------------++-------
Melee: Short sword       ||    33
Evoke: Wand              ||     8
 Stab: Sleeping          ||     3
